 Dungeon Crawl Stone Soup version 0.19.0-9-gfd783f2 (webtiles) character file.

12072 Leibowitz the Slicer (level 12, -2/114 HPs)
             Began as a Kobold Berserker on Nov 7, 2016.
             Was a High Priest of Trog.
             Slain by a seven-headed hydra (4 damage)
             ... on level 2 of the Lair of Beasts.
             The game lasted 00:32:28 (12962 turns).

Leibowitz the Slicer (Kobold Berserker)            Turns: 12962, Time: 00:32:29

Health: -2/114     AC:  8    Str: 19    XL:     12   Next: 15%
Magic:  12/12      EV: 21    Int:  8    God:    Trog [*****.]
Gold:   654        SH:  5    Dex: 20    Spells: 0 memorised, 11 levels left

rFire  + . .     SeeInvis .     a - +2 short sword (speed)
rCold  . . .     Gourm    .     E - +0 leather armour
rNeg   . . .     Faith    .     L - +0 buckler
rPois  .         Spirit   .     l - +1 hat
rElec  .         Reflect  .     z - +0 cloak
rCorr  .         Harm     .     v - +1 pair of gloves
MR     .....                    j - +0 pair of boots
Stlth  ..........               b - amulet of rage
                                K - ring of protection from fire
                                F - ring of stealth

@: berserking, drained, very quick
A: carnivore 3
a: Berserk, Trog's Hand, Brothers in Arms, Burn Spellbooks, Renounce Religion,
Evoke Berserk Rage


You were on level 2 of the Lair of Beasts.
You worshipped Trog.
Trog was extremely pleased with you.
You were hungry.

You visited 2 branches of the dungeon, and saw 10 of its levels.

You collected 654 gold pieces.

Inventory:

Hand Weapons
 a - a +2 short sword of speed (weapon)
 M - a +2 antimagic rapier
Missiles
 t - 11 poisoned needles
 u - 7 needles of confusion
 w - 6 curare-tipped needles
Armour
 j - a +0 pair of boots (worn)
 l - a +1 hat (worn)
 v - a +1 pair of gloves (worn)
 z - a +0 cloak (worn)
 E - a +0 leather armour (worn)
 L - a +0 buckler (worn)
Jewellery
 b - an amulet of rage (around neck)
 F - a ring of stealth (left hand)
 K - a ring of protection from fire (right hand)
Wands
 x - a wand of teleportation (1/9)
 C - a wand of digging (9/24)
 I - a wand of acid (0/15)
 N - a wand of disintegration (9/24)
Scrolls
 d - 6 scrolls of identify
 f - 3 scrolls of enchant armour {unknown}
 h - 2 scrolls of noise {unknown}
 i - 2 scrolls of blinking {unknown}
 m - 2 scrolls of fog {unknown}
 o - a scroll of recharging {unknown}
 p - 8 scrolls of teleportation {unknown}
 q - a scroll of brand weapon {unknown}
 r - 3 scrolls of remove curse
 s - a scroll of amnesia {unknown}
 y - 2 scrolls of immolation
 J - a scroll of holy word {unknown}
Potions
 e - 4 potions of curing {unknown}
 g - 2 potions of lignification {unknown}
 k - 2 potions of mutation {unknown}
 A - a potion of invisibility
 B - 2 potions of flight {unknown}
 H - 2 potions of agility {unknown}
Books
 D - a book of Changes

   Spells                             Type                      Level
   a - Beastly Appendage              Transmutation                1
   b - Sticks to Snakes               Transmutation                2
   c - Spider Form                    Transmutation/Poison         3
   d - Ice Form                       Ice/Transmutation            4
   e - Blade Hands                    Transmutation                5
   Trog disapproves of the use of such an item.
Comestibles
 c - 6 meat rations
 n - 2 beef jerkies
 G - a royal jelly


   Skills:
 + Level 9.6(8.4) Fighting
 + Level 13.5(12.3) Short Blades
 + Level 4.1(3.1) Armour
 + Level 10.2(9.1) Dodging
 + Level 12.3(11.0) Stealth
 + Level 1.0(0.0) Shields
 + Level 0.2(0.0) Evocations


You had 11 spell levels left.
You didn't know any spells.

Dungeon Overview and Level Annotations

Branches:
Dungeon (8/15)             Temple (0/1) D:7            Lair (2/6) D:8
  Swamp: Lair:2-4    Shoals: Lair:2-4     Snake: Lair:2-4    Spider: Lair:2-4

Altars:
Gozag
Makhleb
Nemelex Xobeh
Qazlal
Ru
Trog
Yredelemnul
Zin

Shops:
D:6 %


Innate Abilities, Weirdness & Mutations

You are small and have problems with some larger weapons.
You are carnivorous and can eat meat at any time.


Message History

The seven-headed hydra bites you.
* * * LOW HITPOINT WARNING * * *
You puncture the seven-headed hydra!
The seven-headed hydra is heavily wounded.
The spiny frog completely misses you.
A hippogriff comes into view.
The hippogriff screeches!
You puncture the seven-headed hydra!
The seven-headed hydra is severely wounded.
You puncture the seven-headed hydra!
The seven-headed hydra is severely wounded.
The seven-headed hydra misses you. The seven-headed hydra bites you.
* * * LOW HITPOINT WARNING * * *
The seven-headed hydra bites you but does no damage.
The seven-headed hydra bites you.
* * * LOW HITPOINT WARNING * * *
The seven-headed hydra bites you.
* * * LOW HITPOINT WARNING * * *
The seven-headed hydra misses you. The seven-headed hydra bites you.
You die...

.......P....##..#
...........H..#.#.# ..
....#...........#.##..
......(..#....#.......#.#
................#.......#
.P#....#........>.#....#
###...##.........##....#
###.####..P#.FD....P.# ###
##.....@.....###
#.#.........P.## ####
#.............P# #.##
##.....#......# ###... ###
#.....###....# #..... #.#
##....P.....## ####...
##.#####........## ##......
###...#...........####.......
####.#.................>......##


You could see a seven-headed hydra, a hippogriff and a spiny frog.

Vanquished Creatures
  2 hydras (Lair:2)
  Nergalle (Lair:2)
  The ghost of AAAAA the Basher, a novice OpWr of Elyvilon (D:8)
  The ghost of baghtru the Cleaver, a novice HOFi of the Shining One (D:6)
  An oklob plant (Lair:1)
  A black mamba (Lair:2)
  A spiny frog (Lair:1)
  A torpor snail (Lair:1)
  3 komodo dragons
  Prince Ribbit (D:8)
  2 hippogriffs
  A spriggan (D:8)
  4 yaks (Lair:1)
  A warg (Lair:1)
  Menkaure (D:6)
  The ghost of Leibowitz the Cutter, an amateur KoBe of Trog (D:4)
  A porcupine (Lair:2)
  5 water moccasins
  5 ice beasts
  2 orc warriors
  2 sky beasts (D:8)
  A hornet zombie (D:6)
  A phantom (D:8)
  14 wolves (Lair:1)
  The ghost of Andry07 the Ducker, an amateur MfSk (D:3)
  5 ogres
  2 centaurs
  3 crocodiles (Lair:1)
  5 bullfrogs
  A scorpion (D:5)
  A water moccasin skeleton (D:8)
  5 killer bees (D:7)
  A howler monkey (D:8)
  3 crimson imps
  A bullfrog zombie (D:5)
  2 orc priests (D:6)
  A bullfrog skeleton (D:4)
  A hound (D:7)
  3 orc wizards
  A centaur skeleton (D:5)
  Jessica (D:2)
  3 iguanas
  7 hell rats (Lair:2)
  8 worker ants
  A hound zombie (D:7)
  A hound skeleton (D:4)
  16 adders
  A shadow imp (D:5)
  An ooze (D:1)
  3 adder zombies
  2 worms
  A dart slug (D:1)
  7 leopard geckos
  29 orcs
  7 bats
  12 giant cockroaches
  3 hobgoblins
  5 jackals
  5 kobolds
  5 quokkas
  A ball python (D:2)
  8 frilled lizards
  6 goblins
  2 leopard gecko zombies (D:6)
  4 rats
  A plant (D:8)
230 creatures vanquished.

Vanquished Creatures (others)
  7 fungi
  6 plants
13 creatures vanquished.

Grand Total: 243 creatures vanquished

Notes
Turn   | Place    | Note
-------+----------+-------------------------------------------
     0 | D:1      | Leibowitz the Kobold Berserker began the quest for the Orb.
     0 | D:1      | Reached XP level 1. HP: 14/14 MP: 1/1
    78 | D:1      | Reached XP level 2. HP: 12/19 MP: 2/2
   375 | D:1      | Reached XP level 3. HP: 21/23 MP: 3/3
   773 | D:2      | Reached skill level 5 in Short Blades
  1026 | D:2      | Reached XP level 4. HP: 15/29 MP: 4/4
  1349 | D:2      | Noticed Jessica
  1370 | D:2      | Killed Jessica
  1370 | D:2      | Reached skill level 1 in Stealth
  1549 | D:2      | Reached ** piety under Trog
  1884 | D:2      | Reached XP level 5. HP: 26/33 MP: 5/5
  2149 | D:2      | Found a burning altar of Makhleb.
  2153 | D:2      | Found a glowing silver altar of Zin.
  2153 | D:2      | Noticed an angel
  2153 | D:2      | Noticed a green death
  2762 | D:3      | Noticed Andry07's ghost (amateur MfSk)
  2786 | D:3      | Killed Andry07's ghost
  2786 | D:3      | Reached skill level 6 in Short Blades
  2786 | D:3      | Reached XP level 6. HP: 34/39 MP: 6/6
  3555 | D:4      | Noticed Leibowitz's ghost (amateur KoBe)
  3598 | D:4      | Killed Leibowitz's ghost
  3598 | D:4      | Reached skill level 7 in Short Blades
  3598 | D:4      | Reached XP level 7. HP: 44/44 MP: 7/7
  3783 | D:4      | Reached skill level 5 in Fighting
  3789 | D:4      | Reached *** piety under Trog
  4044 | D:4      | Reached skill level 5 in Dodging
  4620 | D:5      | Entered Level 5 of the Dungeon
  4647 | D:5      | HP: 3/66 [ice beast (5)]
  4650 | D:5      | Reached skill level 8 in Short Blades
  4945 | D:5      | Found an opulent altar of Gozag.
  4946 | D:5      | Found a sparkling altar of Nemelex Xobeh.
  5045 | D:5      | Reached XP level 8. HP: 49/49 MP: 8/8
  5356 | D:5      | Found a stormy altar of Qazlal.
  5631 | D:5      | Reached skill level 9 in Short Blades
  6396 | D:6      | Reached skill level 5 in Stealth
  6548 | D:6      | Reached XP level 9. HP: 55/55 MP: 9/9
  6654 | D:6      | Reached **** piety under Trog
  6748 | D:6      | Noticed Menkaure
  6757 | D:6      | Killed Menkaure
  6757 | D:6      | Reached skill level 10 in Short Blades
  6773 | D:6      | Found a basalt altar of Yredelemnul.
  6814 | D:6      | Noticed baghtru's ghost (novice HOFi)
  6863 | D:6      | Killed baghtru's ghost
  6874 | D:6      | Reached skill level 11 in Short Blades
  7106 | D:6      | Found Qam Elup's Food Shoppe.
  7818 | D:7      | Found a sacrificial altar of Ru.
  7891 | D:7      | Reached XP level 10. HP: 63/63 MP: 10/10
  8056 | D:7      | Found a staircase to the Ecumenical Temple.
  8523 | D:8      | Noticed Prince Ribbit
  8524 | D:8      | Reached skill level 12 in Short Blades
  8531 | D:8      | Killed Prince Ribbit
  8694 | D:8      | Found a staircase to the Lair.
  8698 | D:8      | Noticed a komodo dragon
  8828 | D:8      | Noticed AAAAA's ghost (novice OpWr)
  8850 | D:8      | Killed AAAAA's ghost
  9428 | D:8      | Killed a komodo dragon
  9522 | Lair:1   | Entered Level 1 of the Lair of Beasts
  9570 | Lair:1   | Reached ***** piety under Trog
  9595 | Lair:1   | Noticed an oklob plant
  9596 | Lair:1   | Found a bloodstained altar of Trog.
  9602 | Lair:1   | Killed an oklob plant
  9602 | Lair:1   | Reached skill level 10 in Stealth
  9602 | Lair:1   | Reached XP level 11. HP: 68/68 MP: 11/11
 10242 | Lair:1   | Reached skill level 13 in Short Blades
 10498 | Lair:1   | Received a gift from Trog
 11530 | Lair:2   | Noticed Nergalle
 11534 | Lair:2   | Killed Nergalle
 11778 | Lair:2   | Noticed an eight-headed hydra
 11792 | Lair:2   | Killed an eight-headed hydra
 11792 | Lair:2   | Reached skill level 10 in Dodging
 11882 | Lair:2   | Noticed an eight-headed hydra
 11900 | Lair:2   | Reached XP level 12. HP: 76/76 MP: 12/12
 11913 | Lair:2   | Killed an eight-headed hydra
 11989 | Lair:2   | Reached skill level 1 in Shields
 12016 | Lair:2   | HP: 3/76 [poisoned by a water moccasin]
 12022 | Lair:2   | HP: 3/76 [poisoned by a water moccasin]
 12030 | Lair:2   | HP: 3/76 [poisoned by a water moccasin]
 12219 | Lair:2   | Noticed a seven-headed hydra
 12962 | Lair:2   | HP: 2/114 [seven-headed hydra (4)]
 12962 | Lair:2   | Slain by a seven-headed hydra

Skill      XL: |  1  2  3  4  5  6  7  8  9 10 11 12 |
---------------+-------------------------------------+-----
Short Blades   | 5 6 7 8 9 11 12 13 | 13.5
Fighting       | 4 5 6 7 8 9 |  9.6
Dodging        | 3 4 5 6 8 9 10 | 10.2
Stealth        | 1 2 3 5 6 10 12 | 12.3
Armour         | 3 4 |  4.1
Shields        | 1 |  1.0
Evocations     | |  0.2

Action                   |  1- 3 |  4- 6 |  7- 9 | 10-12 || total
-------------------------+-------+-------+-------+-------++-------
Melee: Short sword       |   117 |   344 |   474 |   677 ||  1612
Invok: Berserk           |     1 |     2 |     7 |    10 ||    20
Evoke: Wand              |       |       |       |     3 ||     3
  Use: Scroll            |       |       |       |     5 ||     5
 Stab: Sleeping          |       |     1 |    11 |    20 ||    32
       Distracted        |       |     1 |       |       ||     1
  Eat: Chunk             |    10 |     9 |    20 |    17 ||    56
Armor: Animal skin       |    12 |    46 |    30 |       ||    88
       Leather armour    |       |       |     4 |    45 ||    49
Dodge: Dodged            |    75 |   221 |   208 |   258 ||   762
Block: Buckler           |       |       |       |    22 ||    22
